cohdb
Replays
Latest Replays
All Replays
Popular Replays
Top Player Replays
Match Explorer
How It Works
Community
CoH3 Stats
Reddit
Sign in to upload your games and track your stats! →
Sign in with Steam
Match 45291270
Unlisted
Match 45291270
Overview
Messages
Build Orders
End
Construct Section Command Post
Royal Engineer Section
Selects Canadian Shock Battlegroup
Dingo Light Scout Car
Infantry Section
Construct Field Infirmary
Selects Attacking Spirit
Selects Canadian Shock Section
Canadian Shock Section
Construct Platoon Command Post
6-pounder Anti-tank Gun Team
Selects Incendiary Munitions
Infantry Training
Canadian Shock Section
Selects Pyrotechnics
6-pounder Anti-tank Gun Team
Team Weapon Training
Canadian Shock Section
Vickers Machine Gun Team
Selects Churchill Crocodile Heavy Tank
Churchill Crocodile Heavy Tank
Construct Company Command Post
Armored Vehicle Training
Selects Point Assault
Crusader II Medium Tank
MasterStef
jooooooohn
0
0
Comments
sign in to comment!
No comments posted yet!